 Dungeon Sprint DCSS version 0.30-a0-339-g89bb51ec76 (webtiles) character file.

Game seed: 12259122248269656640

204 retardedninja the Protected (level 5, -1/79 HPs)
             Began as a Hill Orc Fighter on Oct 31, 2022.
             Slain by a killer bee (10 damage)
             ... in the Dungeon (Sprint IV: "Fedhas' Mad Dash").
             The game lasted 00:01:03 (981 turns).

retardedninja the Protected (Hill Orc Fighter)       Turns: 981, Time: 00:01:03

Health: -1/79      AC:  8    Str: 21    XL:     5   Next: 82%
Magic:  5/5        EV: 10    Int:  8    God:
Gold:   58         SH:  5    Dex: 10    Spells: 4/4 levels left

rFire   . . .      SeeInvis .    a - +0 war axe
rCold   . . .      Faith    .    c - +0 buckler
rNeg    . . .      Spirit   .    b - +0 scale mail
rPois   .          Reflect  .    (no helmet)
rElec   .          Harm     .    (no cloak)
rCorr   .          Rampage  .    (no gloves)
Will    .....      NoTele   +    (no boots)
Stlth   ..........               g - amulet of invisibility {+Inv}
HPRegen 0.33/turn                (no ring)
MPRegen 0.09/turn                (no ring)

@: berserking (expiring), lethally poisoned (-1 -> -10), very quick
A: no striking features
a: Evoke Invisibility


You were in the Dungeon.
You visited 1 branch You collected 58 gold pieces.

Inventory:

Hand Weapons
 a - a +0 war axe (weapon)
Armour
 b - a +0 scale mail (worn)
 c - a +0 buckler (worn)
Jewellery
 g - the amulet of invisibility (around neck) {+Inv}
   (You found it in the Dungeon)

   [amulet of nothing]

   +Inv:      It lets you turn invisible.
Scrolls
 f - a scroll of identify {unknown}
 j - a scroll of blinking
Potions
 d - a potion of might
 h - 2 potions of magic


   Skills:
 + Level 7.8 Fighting
 + Level 5.7 Axes
 + Level 8.1 Armour
 + Level 1.5 Dodging
 + Level 0.4 Stealth
 + Level 6.9 Shields
 + Level 1.0 Evocations


You had 4 spell levels left.
You didn't know any spells.
Your spell library contained the following spells:

 Spells                   Type           Power      Damage    Failure   Level
 Beastly Appendage        Tmut           0%         N/A       78%         1
 Wereblood                Tmut           0%         N/A       89%         2
 Spider Form              Tmut/Pois      0%         N/A       98%         3


Dungeon Overview and Level Annotations

Branches:
Dungeon (1/1)

Altars:


Message History

Your Armour skill gained 2 levels and is now at level 8!
Your Evocations skill increases to level 1!
You are too injured to fight recklessly!
You closely miss the killer bee. x2; You feel sick.
You block the killer bee's attack. The killer bee barely misses you.
The killer bee stings you.
The killer bee stings you but does no damage.
The killer bee stings you.
The queen bee calls on the killer bee to defend it!
The killer bee goes berserk!
You are too injured to fight recklessly!
You barely miss the killer bee. You miss the killer bee.
You feel sick. The killer bee stings you.
You are more poisoned.
The killer bee poisons you! You block the killer bee's attack.
The killer bee barely misses you. The killer bee closely misses you.
Unknown command.
You are too injured to fight recklessly!
You closely miss the killer bee. You barely miss the killer bee.
You feel sick. The killer bee stings you.
* * * LOW HITPOINT WARNING * * *
The killer bee stings you.
* * * LOW HITPOINT WARNING * * *
You are more poisoned.
The killer bee poisons you! You block the killer bee's attack.
The killer bee barely misses you.
The killer bee stings you but does no damage.
The killer bee stings you.
* * * LOW HITPOINT WARNING * * *
You barely miss the killer bee. You miss the killer bee.
* * * LOW HITPOINT WARNING * * *
You feel very sick. The killer bee completely misses you.
You block the killer bee's attack. x3
You are too injured to fight recklessly!
Unknown command.
You closely miss the killer bee. You barely miss the queen bee.
* * * LOW HITPOINT WARNING * * *
You feel very sick. The killer bee stings you!
You die...

##################
#<..P#.....#.....#
#PP..'.(...'.#...+
#PPPP#.....#.#...#
###############'##
y..♣......yy@...#
.yy...♣....y#...#
♣..♣..######
#+#####


You could see a queen bee and 2 killer bees.

Vanquished Creatures
  A scorpion (D)
  2 killer bees (D)
  2 oklob saplings (D)
  A river rat (D)
  A rat (D)
7 creatures vanquished.

Notes
Turn   | Place    | Note
-------+----------+-------------------------------------------
     0 | D        | retardedninja the Hill Orc Fighter began the quest for the
                  | Orb.
     0 | D        | Reached XP level 1. HP: 19/19 MP: 1/1
    14 | D        | Reached skill level 4 in Armour
    14 | D        | Reached XP level 2. HP: 10/28 MP: 2/2
   170 | D        | Noticed an oklob sapling
   175 | D        | Killed an oklob sapling
   176 | D        | Reached skill level 5 in Fighting
   176 | D        | Reached skill level 5 in Armour
   176 | D        | Reached XP level 3. HP: 12/36 MP: 3/3
   469 | D        | Noticed a scorpion
   469 | D        | Found the amulet of invisibility {+Inv}
   476 | D        | Killed a scorpion
   477 | D        | Reached skill level 6 in Armour
   477 | D        | Reached skill level 5 in Shields
   477 | D        | Reached XP level 4. HP: 40/45 MP: 4/4
   526 | D        | Reached skill level 1 in Dodging
   526 | D        | Reached XP level 5. HP: 15/51 MP: 5/5
   964 | D        | Noticed a queen bee
   977 | D        | Reached skill level 5 in Axes
   977 | D        | Reached skill level 8 in Armour
   977 | D        | Reached skill level 1 in Evocations
   981 | D        | Slain by a killer bee

Illustrated notes

Levels and vault maps discovered:
D:        dungeon_sprint_fedhas [sprint_temple]

Skill      XL: |  1  2  3  4  5 |
---------------+----------------+-----
Fighting       | 4 5 6 7 |  7.8
Axes           | 3 4 5 |  5.7
Armour         | 4 5 6 8 |  8.1
Shields        | 4 5 6 |  6.9
Dodging        | 1 |  1.5
Evocations     | 1 |  1.0
Stealth        | |  0.4

Action                   |  1- 3 |  4- 6 || total
-------------------------+-------+-------++-------
Melee: War axe           |    17 |    10 ||    27
 Abil: Evoke Invisibilit |       |     1 ||     1
  Use: Potion            |     2 |     2 ||     4
Armor: Scale mail        |     4 |     8 ||    12
Dodge: Dodged            |     6 |    14 ||    20
Block: Buckler           |     1 |    11 ||    12

Table legend: (Time is in decaauts)
 A = Elapsed time spent in this place.
 B = Non-inter-level travel time spent in this place.
 C = Inter-level travel time spent in this place.
 D = Time resting spent in this place.
 E = Time spent auto-exploring this place.
 F = Levels seen in this place.
 G = Mean time per level.
                   A        B        C        D        E       F      G
               +--------+--------+--------+--------+--------+-----+--------+
         Total |    973 |    973 |      0 |    868 |     44 |   1 |  973.0 |
       Dungeon |    973 |    973 |      0 |    868 |     44 |   1 |  973.0 |
               +--------+--------+--------+--------+--------+-----+--------+

Top non-repeatable levels by time:
       D: 973 daAuts
